Construct Infanterie Kompanie
Selects Luftwaffe Battlegroup
Selects Luftwaffe Pioneer Support
Fallschirmpioneer Squad Paradrop
Selects Stuka Strafing Run
Construct Luftwaffe Kompanie
Selects Fallschirmjäger Squad Paradrop
Fallschirmjäger Squad Paradrop
Selects Flak 38 Anti-Air Emplacement
Fallschirmjäger Squad Paradrop
Marder III M Tank Destroyer
Selects Flak 36 Anti-tank Gun Emplacement
Marder III M Tank Destroyer
Selects Fragmentation Bombs
Fallschirmjäger Squad Paradrop
Marder III M Tank Destroyer